 Dungeon Crawl Stone Soup version 0.27-a0-1136-g0b992a5a9d (webtiles) character file.

Game seed: 8953485546905266207

763 tilp the Grave Robber (level 7, 0/32 (35) HPs)
             Began as a Vampire Necromancer on May 5, 2021.
             Was a Follower of Okawaru.
             Slain by a wight
             ... wielding a +0 trident
              (4 damage)
             ... on level 6 of the Dungeon.
             The game lasted 00:14:43 (6197 turns).

tilp the Grave Robber (Vampire Necromancer)         Turns: 6197, Time: 00:14:44

HP:   0/32 (35)     AC:  8    Str:  7 (8)  XL:     7   Next: 51%
MP:   13/13         EV: 10    Int: 25 (26) God:    Okawaru [*.....]
Gold: 104           SH:  0    Dex: 13 (15) Spells: 5/14 levels left

rFire    . . .     SeeInvis +   a - +8 rapier of Certain Death {vamp, rC+ Int+8}
rCold    + + +     Faith    .   (no shield)
rNeg     + + +     Spirit   .   k - +0 ring mail
rPois    ∞         Reflect  .   (no helmet)
rElec    .         Harm     .   s - +2 cloak {Stlth+}
rCorr    .         Rampage  .   (no gloves)
Will     .....                  (no boots)
Stlth    +++++.....             (no amulet)
HPRegen  0.00/turn              (no ring)
MPRegen  0.13/turn              (no ring)

@: bloodless, drained
A: bloodless, fangs 3, see invisible, unbreathing 1, vampiric 2, [frail 1]
a: Bat Form, Revivify, Renounce Religion, Heroism


You were on level 6 of the Dungeon.
You worshipped Okawaru.
Okawaru was aware of your devotion.
You visited 1 branch of the dungeon, and saw 6 of its levels.

You collected 143 gold pieces.
You spent 39 gold pieces at shops.

Inventory:

Hand Weapons
 a - the +8 rapier of Certain Death (weapon) {vamp, rC+ Int+8}
   (You acquired it on level 2 of the Dungeon)

   It inflicts no extra harm, but heals its wielder when it wounds a living foe.
   It affects your intelligence (+8).
   It protects you from cold.
 b - a +2 vampiric great sword
 e - a +0 club
 m - a +1 dagger of draining
 p - a +0 dagger of draining
Missiles
 h - 16 poisoned darts (quivered)
 z - 5 boomerangs
Armour
 c - a +0 kite shield
 d - a +1 robe
 k - a +0 ring mail (worn)
 n - a +0 leather armour
 s - a +2 cloak of stealth (worn)
Jewellery
 x - a ring of fire
Wands
 i - a wand of charming (7)
 l - a wand of iceblast (8)
 v - a wand of acid (7)
Scrolls
 o - a scroll of teleportation
Potions
 f - a potion of mutation
 g - 2 potions of cancellation
 q - a potion of might
 r - a potion of lignification
 u - a potion of magic
 w - 2 potions of curing


   Skills:
 - Level 2.0 Fighting
 - Level 4.0 Short Blades
 - Level 2.1 Dodging
 - Level 4.0 Stealth
 - Level 4.0 Spellcasting
 - Level 6.0 Necromancy
 + Level 1.8 Invocations
 + Level 2.8 Evocations


You had 5 spell levels left.
You knew the following spells:

 Your Spells              Type           Power      Damage    Failure   Level
a - Pain                  Necr           100%       1d9       2%          1
b - Animate Skeleton      Necr           70%        N/A       2%          1
c - Vampiric Draining     Necr           17%        2d8       9%          3
d - Animate Dead          Necr           17%        N/A       26%         4

Your spell library contained the following spells:

 Spells                   Type           Power      Damage    Failure   Level
 Sting                    Tmut/Pois      20%        1d4       32%         1
 Summon Small Mammal      Summ           20%        N/A       32%         1
 Call Imp                 Summ           5%         N/A       43%         2
 Poisonous Vapours        Pois/Air       10%        N/A       43%         2
 Agony                    Necr           35%        N/A       58%         5
 Call Canine Familiar     Summ           5%         N/A       67%         3
 Ignite Poison            Fire/Tmut/Pois 5%         N/A       67%         3
 Mephitic Cloud           Conj/Pois/Air  5%         N/A       67%         3
 Summon Guardian Golem    Hex/Summ       5%         N/A       67%         3
 Olgreb's Toxic Radiance  Pois           5%         N/A       97%         4
 Summon Ice Beast         Ice/Summ       5%         N/A       97%         4
 Summon Lightning Spire   Summ/Air       5%         N/A       97%         4


Dungeon Overview and Level Annotations

Branches:
Dungeon (6/15)             Temple (0/1) D:6

Altars:
Dithmenos
Elyvilon
Kikubaaqudgha
Makhleb
Nemelex Xobeh
Okawaru
Sif Muna
Trog

Shops:
D:2 ?

Annotations:
D:6 Dowan, Duvessa


Innate Abilities, Weirdness & Mutations

You do not regenerate when monsters are visible.
You are frail without blood (-20% HP).
You can heal yourself when you bite living creatures.
You are immune to poison.
You have razor-sharp teeth.
You have supernaturally acute eyesight. (SInv)
You can survive without breathing.
You are afflicted with vampirism and can become a bat while bloodless.
[You are frail. (-10% HP)]


Message History

The wight hits you with a +2 falchion of freezing.
Keep bloodletting? [Y]es or [N]o only, please.
Keep bloodletting?
The wight hits you from afar with a +0 trident.
You feel drained.
You continue bloodletting.
The wight hits you with a +2 falchion of freezing.
You feel drained.
The wight hits you from afar with a +0 trident.
You feel drained.
You continue bloodletting.
The wight hits you with a +2 falchion of freezing!
The wight freezes you. The wight barely misses you.
You continue bloodletting.
The wight closely misses you. The wight hits you but does no damage.
Now bloodless.
The wight barely misses you.
You hit the wight.
The wight is moderately damaged.
The wight barely misses you.
The wight hits you from afar with a +0 trident.
You hit the wight. You bite the wight, but do no damage.
The wight is heavily damaged.
The wight hits you with a +2 falchion of freezing!
* * * LOW HITPOINT WARNING * * *
The wight hits you but does no damage.
You hit the wight but do no damage.
The wight is heavily damaged.
The wight hits you but does no damage.
You closely miss the wight.
The wight is heavily damaged.
The wight closely misses you. The wight hits you but does no damage.
The wight barely misses you.
You hit the wight.
The wight is almost destroyed.
The wight hits you with a +2 falchion of freezing.
* * * LOW HITPOINT WARNING * * *
The wight hits you from afar with a +0 trident.
You die...

#..##.# ##...#.##
....... #..... # #...#
##.# #...# ...<.
#####...#####
......##zzz........#
....)zz..#@........#
......####.........#.#
..... .............#.#
##.# ###............#
# ............###
###.....)....#
######..........#
#....#..........#
###.⌠8...##.#.#####


You could see 3 wights.

Vanquished Creatures
  2 necrophages
  An ogre (D:6)
  A centaur (D:5)
  A centaur zombie (D:5)
  2 hounds
  A jelly (D:4)
  A bullfrog skeleton (D:4)
  2 iguanas
  2 orc wizards (D:3)
  5 adders
  3 worms
  3 dart slugs
  18 orcs
  11 ball pythons
  11 endoplasms
  3 giant cockroaches (D:1)
  5 goblins
  7 hobgoblins
  11 jackals
  3 kobolds
  A quokka (D:2)
  3 bats
  5 frilled lizards
  6 rats
108 creatures vanquished.

Notes
Turn   | Place    | Note
-------+----------+-------------------------------------------
     0 | D:1      | tilp the Vampire Necromancer began the quest for the Orb.
     0 | D:1      | Reached XP level 1. HP: 13/13 MP: 3/3
   206 | D:1      | Reached skill level 1 in Fighting
   427 | D:1      | Reached XP level 2. HP: 3/21 MP: 0/5
   551 | D:1      | Learned a level 1 spell: Animate Skeleton
   912 | D:1      | Found a faded altar of an unknown god.
  1104 | D:1      | Gained mutation: You are afflicted with vampirism and can
                  | become a bat while bloodless. [Vampire growth]
  1104 | D:1      | Reached XP level 3. HP: 12/27 MP: 2/6
  1662 | D:1      | Learned a level 3 spell: Vampiric Draining
  2158 | D:2      | Reached skill level 5 in Necromancy
  2158 | D:2      | Reached XP level 4. HP: 26/33 MP: 0/8
  2739 | D:2      | Found Luhoosme's Magic Scroll Shop.
  2765 | D:2      | Bought a scroll of teleportation for 39 gold pieces
  2856 | D:2      | Identified a scroll of acquirement
  2856 | D:2      | Acquired the +8 rapier of Certain Death {vamp, rC+ Int+8}
  2864 | D:2      | Learned a level 4 spell: Animate Dead
  3288 | D:3      | Reached XP level 5. HP: 36/38 MP: 5/10
  3519 | D:3      | Found a bloodstained altar of Trog.
  3520 | D:3      | Found a sparkling altar of Nemelex Xobeh.
  3541 | D:3      | You fall into a shaft and drop 2 floors!
  3541 | D:5      | Entered Level 5 of the Dungeon
  3825 | D:4      | Reached skill level 6 in Necromancy
  3930 | D:3      | Found an iron altar of Okawaru.
  4200 | D:3      | Became a worshipper of Warmaster Okawaru
  4246 | D:4      | Reached XP level 6. HP: 44/44 MP: 12/12
  4433 | D:4      | Reached skill level 1 in Short Blades
  4467 | D:4      | Found a burning altar of Makhleb.
  4470 | D:4      | Found an ancient bone altar of Kikubaaqudgha.
  4477 | D:4      | Found a shadowy altar of Dithmenos.
  4487 | D:4      | Found a shimmering blue altar of Sif Muna.
  5976 | D:5      | Reached XP level 7. HP: 45/45 MP: 13/13
  6013 | D:6      | Noticed Duvessa
  6013 | D:6      | Noticed Dowan
  6064 | D:6      | Found a staircase to the Ecumenical Temple.
  6097 | D:6      | Reached * piety under Okawaru
  6098 | D:6      | Reached skill level 1 in Invocations
  6197 | D:6      | Slain by a wight

Illustrated notes

Levels and vault maps discovered:
D:1:      lemuel_arrival_cross, layout_basic, ebering_ecumenical_altar_rust
D:2:      layout_basic, serial_shops, shop, corner_web_ring,
          grunt_decor_resistance
D:3:      layout_rooms, okawaru_metal_pillars_1_2,
          gammafunk_temple_overflow_statue
D:4:      layout_rooms, nicolae_overflow_quartered_altars,
          lemuel_coloured_pillars_altar, minmay_misc_feat_ornament,
          corexii_checkpoint_a
D:5:      layout_basic
D:6:      minmay_chambers_of_threes, layout_loops_ring,
          minmay_temple_entry_drinking_statues, uniq_duvessa

Skill      XL: |  1  2  3  4  5  6  7 |
---------------+----------------------+-----
Fighting       | 1 2 |  2.0
Necromancy     | 5 6 |  6.0
Spellcasting   | 3 4 |  4.0
Stealth        | 4 |  4.0
Evocations     | 2 |  2.8
Short Blades   | 3 4 |  4.0
Invocations    | 1 |  1.8
Dodging        | |  2.1

Action                   |  1- 3 |  4- 6 |  7- 9 || total
-------------------------+-------+-------+-------++-------
Melee: Unarmed           |     4 |       |       ||     4
       Bite              |     3 |     8 |     3 ||    14
       Club              |    26 |       |       ||    26
       Rapier            |       |    86 |    15 ||   101
Throw: Dart              |    14 |    25 |     6 ||    45
 Cast: Pain              |    78 |    49 |     7 ||   134
       Animate Skeleton  |    11 |    11 |       ||    22
 Abil: Exsanguinate      |       |     1 |     1 ||     2
       Bat Form          |       |     1 |       ||     1
       Revivify          |       |     1 |       ||     1
Evoke: Wand              |       |     1 |       ||     1
  Use: Scroll            |     3 |    13 |       ||    16
 Stab: Sleeping          |     1 |     8 |       ||     9
Armor: Robe              |     8 |     1 |       ||     9
       Ring mail         |       |    40 |     7 ||    47
Dodge: Dodged            |    33 |    49 |    13 ||    95

Table legend: (Time is in decaauts)
 A = Elapsed time spent in this place.
 B = Non-inter-level travel time spent in this place.
 C = Inter-level travel time spent in this place.
 D = Time resting spent in this place.
 E = Time spent auto-exploring this place.
 F = Levels seen in this place.
 G = Mean time per level.
                   A        B        C        D        E       F      G
               +--------+--------+--------+--------+--------+-----+--------+
         Total |   6219 |   5900 |    319 |   1233 |   3626 |   6 | 1036.5 |
       Dungeon |   6219 |   5900 |    319 |   1233 |   3626 |   6 | 1036.5 |
               +--------+--------+--------+--------+--------+-----+--------+

Top non-repeatable levels by time:
     D:1: 1736 daAuts
     D:2: 1402 daAuts
     D:4: 1334 daAuts
     D:5: 852 daAuts
     D:3: 744 daAuts
     D:6: 149 daAuts
